 Dungeon Crawl Stone Soup version 0.18.1-50-g88ac8fd (webtiles) character file.

56 RTS the Chopper (level 3, -2/33 HPs)
             Began as a Minotaur Berserker on Sept 26, 2016.
             Was a Believer of Trog.
             Slain by Sigmund
             ... wielding a +2 scythe of flaming
              (4 damage)
             ... on level 2 of the Dungeon.
             The game lasted 00:03:22 (1350 turns).

RTS the Chopper (Minotaur Berserker)                Turns: 1350, Time: 00:03:22

Health: -2/33      AC:  5    Str: 22    XL:     3   Next: 71%
Magic:  2/2        EV: 11    Int:  4    God:    Trog [**....]
Gold:   67         SH:  0    Dex:  9    Spells: 0 memorised, 2 levels left

rFire  x . .     SeeInvis .     a - +0 hand axe
rCold  + . .     Gourm    .     d - +0 ring mail (curse)
rNeg   . . .     Faith    .     (no shield)
rPois  .         Spirit   .     (helmet restricted)
rElec  .         Dismiss  .     (no cloak)
rCorr  .         Reflect  .     (no gloves)
SustAt .         Harm     .     (no boots)
MR     .....                    (no amulet)
Stlth  ..........               (no ring)
                                i - ring of ice (curse)

@: exhausted, slowed, very slow, not resistant to hostile enchantments,
extremely unstealthy
A: retaliatory headbutt, horns 2
a: Berserk, Trog's Hand, Burn Spellbooks, Renounce Religion


You were on level 2 of the Dungeon.
You worshipped Trog.
Trog was pleased with you.
You were very hungry.

You visited 1 branch of the dungeon, and saw 2 of its levels.

You collected 67 gold pieces.

Inventory:

Hand Weapons
 a - a +0 hand axe (weapon)
Missiles
 l - 7 silver tomahawks (quivered)
Armour
 d - a cursed +0 ring mail (worn)
Jewellery
 i - a cursed ring of ice (left hand)
 m - a cursed -2 ring of protection {unknown}
Scrolls
 e - 2 scrolls of identify {unknown}
 h - 2 scrolls of teleportation {unknown}
 k - a scroll of remove curse {unknown}
 n - a scroll of immolation {unknown}
Potions
 b - 2 potions of curing {unknown}
 f - a potion of haste {unknown}
 g - a potion of flight {unknown}
Comestibles
 c - 2 bread rations
 j - a meat ration


   Skills:
 + Level 4.2 Fighting
 + Level 4.7 Axes
 + Level 2.9 Armour
 + Level 2.5 Dodging


You had 2 spell levels left.
You didn't know any spells.

Dungeon Overview and Level Annotations

Branches:
Dungeon (2/15)

Altars:

Annotations:
D:2 Sigmund


Innate Abilities, Weirdness & Mutations

You reflexively headbutt those who attack you in melee.
You have a pair of horns on your head.


Message History

You miss Sigmund. Your headbutt misses Sigmund.
Sigmund is moderately wounded.
You feel less confused.
Sigmund hits you with a scythe of flaming!
Sigmund burns you.
You closely miss Sigmund. Your headbutt misses Sigmund.
Sigmund is moderately wounded.
Sigmund barely misses you.
You barely miss Sigmund.
Sigmund is moderately wounded.
Sigmund points at you and mumbles some strange words.
The puff of flame hits you! The fire burns you terribly!
* * * LOW HITPOINT WARNING * * *
Sigmund closely misses you. You furiously retaliate!
You headbutt Sigmund! You hit Sigmund.
Sigmund is heavily wounded.
Sigmund hits you with a scythe of flaming.
* * * LOW HITPOINT WARNING * * *
Sigmund burns you.
You die...

..... ...
... ... #.#
#.# #@# #+#
#@# #.# #.#
######.####
#.#
#..........
#.#
#.###...≈.P
###.###
#.##...≈≈≈≈
#.....#
#.###...≈≈≈
#.#.#.####.#
##...##
#.#.....>..#
#.###
#.###.######
#.#


You could see Sigmund.

Vanquished Creatures
  2 adders (D:2)
  A worm (D:2)
  A dart slug (D:2)
  A giant gecko (D:1)
  2 ball pythons
  A giant cockroach (D:2)
  4 goblins
  A hobgoblin (D:1)
  7 jackals
  A quokka (D:2)
  2 bats (D:1)
  2 giant newts (D:2)
  4 kobolds
  2 rats (D:2)
31 creatures vanquished.

Notes
Turn   | Place    | Note
--------------------------------------------------------------
     0 | D:1      | RTS the Minotaur Berserker began the quest for the Orb.
     0 | D:1      | Reached XP level 1. HP: 19/19 MP: 0/0
    83 | D:1      | Reached XP level 2. HP: 20/27 MP: 1/1
   332 | D:1      | You fall through a shaft!
   438 | D:2      | Reached ** piety under Trog
   471 | D:2      | Reached XP level 3. HP: 23/33 MP: 2/2
  1338 | D:2      | Noticed Sigmund
  1350 | D:2      | Slain by Sigmund

Skill      XL: |  1  2 |
---------------+-------+-----
Axes           | 4 |  4.7
Fighting       | 4 |  4.2
Armour         | |  2.9
Dodging        | |  2.5

Action                   || total
-------------------------++-------
Melee: Hand axe          ||    79
       Headbutt          ||    11
Invok: Berserk           ||     1
  Eat: Chunk             ||     1
Armor: Ring mail         ||    25
Dodge: Dodged            ||    54
